 Dungeon Crawl Stone Soup version 0.28-a0-1199-gef9e1dbd39 (webtiles) character file.

Game seed: 3119038247568182820

196 bearlyready the Slasher (level 5, -2/45 HPs)
             Began as a Minotaur Delver on Dec 20, 2021.
             Killed by nerve-wracking pain
             ... invoked by an orc priest
              (13 damage)
             ... on level 4 of the Dungeon.
             The game lasted 00:03:43 (768 turns).

bearlyready the Slasher (Minotaur Delver)            Turns: 768, Time: 00:03:43

Health: -2/45      AC:  3    Str: 18    XL:     5   Next: 46%
Magic:  4/4        EV: 12    Int:  7    God:
Gold:   4          SH:  0    Dex: 12    Spells: 4/4 levels left

rFire   . . .      SeeInvis .   a - +0 falchion
rCold   . . .      Faith    .   (no shield)
rNeg    . . .      Spirit   .   b - +0 leather armour
rPois   .          Reflect  .   (helmet restricted)
rElec   .          Harm     .   (no cloak)
rCorr   .          Rampage  .   (no gloves)
Will    .....                   (no boots)
Stlth   ++........              (no amulet)
HPRegen 0.15/turn               (no ring)
MPRegen 0.09/turn               (no ring)

@: no status effects
A: horns 2, retaliatory headbutt
a: no special abilities


You were on level 4 of the Dungeon.
You visited 1 branch of the dungeon, and saw 2 of its levels.

You collected 4 gold pieces.

Inventory:

Hand Weapons
 a - a +0 falchion (weapon)
Missiles
 h - 17 bolts
Armour
 b - a +0 leather armour (worn)
Wands
 g - a wand of digging (3)
Scrolls
 c - a scroll of fog
 d - a scroll of magic mapping
 e - a scroll of fear
Potions
 f - a potion of haste


   Skills:
 - Level 3.6 Fighting
 + Level 7.0 Long Blades
 - Level 2.1 Dodging
 - Level 4.1 Stealth


You had 4 spell levels left.
You didn't know any spells.
Your spell library was empty.

Dungeon Overview and Level Annotations

Branches:
Dungeon (5/15)
 Temple: D:4-7

Altars:


Innate Abilities, Weirdness & Mutations

You have a pair of horns on your head.
You reflexively headbutt those who attack you in melee.


Message History

An orc comes into view. It is wielding a +0 flail.
The orc shouts!
An orc priest comes into view. It is wielding a +0 short sword.
Found a rapier.
The orc shouts!
The orc barely misses you. You furiously retaliate!
You headbutt the orc.
The orc priest shouts!
You hit the orc. You headbutt the orc.
You kill the orc!
The orc priest barely misses you. The orc closely misses you.
Things that are here:
a +0 flail; a +0 ring mail You closely miss the orc priest.
You headbutt the orc priest.
The orc priest is moderately wounded.
The orc priest closely misses you. You furiously retaliate!
You headbutt the orc priest. The orc barely misses you.
You closely miss the orc priest. Your headbutt misses the orc priest.
The orc priest is heavily wounded.
The orc priest calls down the wrath of Beogh upon you.
Pain shoots through your body!
You hit the orc priest. You headbutt the orc priest.
The orc priest is severely wounded.
The orc misses you. You furiously retaliate!
You headbutt the orc!
The orc priest hits you but does no damage.
You hit the orc priest but do no damage.
You headbutt the orc priest.
The orc priest is almost dead.
The orc barely misses you. The orc priest closely misses you.
You hit the orc priest but do no damage.
The orc priest is almost dead.
The orc hits you with a +0 flail!
The orc priest calls down the wrath of Beogh upon you.
Beogh smites you!
* * * LOW HITPOINT WARNING * * *
You barely miss the orc priest.
The orc priest is almost dead.
The orc barely misses you.
The orc priest calls down the wrath of Beogh upon you.
Pain shoots through your body!
You die...

...... ...... ###....##
#.......# ####.....#.#
..........#
..........###
#...........#######.#
#.........#...@o....#
#.........###..o...... #
#.........##.......... #
#.........##.......... #
#.........##.......).. #
#.........##..........
#..........#..........
###..........#..........
รท............#


You could see an orc priest and an orc.

Vanquished Creatures
  A black bear (D:4)
  A scorpion (D:4)
  A hound (D:4)
  A howler monkey zombie (D:5)
  An adder skeleton (D:5)
  A worm (D:4)
  An orc (D:4)
  A quokka (D:4)
  A goblin (D:4)
9 creatures vanquished.

Vanquished Creatures (others)
  A goblin (D:4)
  7 plants (D:4)
8 creatures vanquished.

Grand Total: 17 creatures vanquished

Notes
Turn   | Place    | Note
-------+----------+-------------------------------------------
     0 | D:5      | bearlyready the Minotaur Delver began the quest for the
                  | Orb.
     0 | D:5      | Reached XP level 1. HP: 19/19 MP: 0/0
    21 | D:5      | Reached skill level 3 in Long Blades
    21 | D:5      | Reached XP level 2. HP: 20/26 MP: 1/1
   222 | D:4      | Reached skill level 4 in Long Blades
   222 | D:4      | Reached XP level 3. HP: 21/31 MP: 2/2
   321 | D:4      | Noticed a scorpion
   326 | D:4      | Noticed a black bear
   339 | D:4      | Killed a scorpion
   340 | D:4      | Reached skill level 5 in Long Blades
   340 | D:4      | Reached XP level 4. HP: 20/39 MP: 3/3
   581 | D:4      | Killed a black bear
   582 | D:4      | Reached skill level 7 in Long Blades
   582 | D:4      | Reached XP level 5. HP: 19/45 MP: 4/4
   768 | D:4      | Killed from afar by an orc priest

Illustrated notes

Levels and vault maps discovered:
D:4:      layout_rooms, xom_confusion_cloud, serial_bayou_lagoon_a,
          uniq_menkaure
D:5:      layout_loops_ring, good_gods_temple_1

Skill      XL: |  1  2  3  4 |
---------------+-------------+-----
Long Blades    | 3 4 5 7 |  7.0
Fighting       | |  3.6
Dodging        | |  2.1
Stealth        | |  4.1

Action                   |  1- 3 |  4- 6 || total
-------------------------+-------+-------++-------
Melee: Falchion          |    33 |    13 ||    46
       Headbutt          |     8 |     6 ||    14
 Stab: Sleeping          |     2 |       ||     2
Armor: Leather armour    |     6 |     4 ||    10
Dodge: Dodged            |    21 |    15 ||    36

Table legend: (Time is in decaauts)
 A = Elapsed time spent in this place.
 B = Non-inter-level travel time spent in this place.
 C = Inter-level travel time spent in this place.
 D = Time resting spent in this place.
 E = Time spent auto-exploring this place.
 F = Levels seen in this place.
 G = Mean time per level.
                   A        B        C        D        E       F      G
               +--------+--------+--------+--------+--------+-----+--------+
         Total |    771 |    758 |     13 |      0 |    654 |   2 |  385.5 |
       Dungeon |    771 |    758 |     13 |      0 |    654 |   2 |  385.5 |
               +--------+--------+--------+--------+--------+-----+--------+

Top non-repeatable levels by time:
     D:4: 639 daAuts
     D:5: 131 daAuts
